 Dungeon Crawl Stone Soup version 0.27.1-33-g824d729ab1 (webtiles) character file.

Game seed: 12687899641010305909

2338 unlimited1921 the Shield-Bearer (level 9, -11/85 HPs)
             Began as a Troll Fighter on Nov 26, 2021.
             Mangled by a two-headed ogre (30 damage)
             ... on level 7 of the Dungeon.
             The game lasted 00:45:51 (6761 turns).

unlimited1921 the Shield-Bearer (Troll Fighter)     Turns: 6761, Time: 00:45:52

Health: -11/85     AC:  6    Str: 29    XL:     9   Next: 19%
Magic:  8/8        EV: 10    Int:  4    God:
Gold:   314        SH: 10    Dex:  9    Spells: 8/8 levels left

rFire    . . .     SeeInvis .   e - +2 dagger (protect)
rCold    . . .     Faith    .   c - +0 kite shield
rNeg     . . .     Spirit   .   F - +1 robe of the Hills {Rampage}
rPois    .         Reflect  .   G - +0 hat
rElec    .         Harm     .   j - +0 cloak
rCorr    .         Rampage  +   (gloves unavailable)
Will     .....                  (boots unavailable)
Stlth    +.........             (no amulet)
HPRegen  1.24/turn              (no ring)
MPRegen  0.11/turn              (no ring)

@: no status effects
A: large, unfitting armour, claws 3, regeneration 1, shaggy fur 1, tough skin 1
a: no special abilities


You were on level 7 of the Dungeon.
You visited 2 branches of the dungeon, and saw 9 of its levels.
You also visited: Sewer.

You collected 314 gold pieces.

Inventory:

Hand Weapons
 a - a +0 long sword
 e - a +2 dagger of protection (weapon)
 h - a +1 short sword of venom
 l - a +0 flail
 o - a +0 hand axe
 D - a +0 war axe
Missiles
 i - 40 poisoned darts (quivered)
 q - a boomerang
 u - 9 curare-tipped darts
 y - 106 bolts
 B - 7 atropa-tipped darts
Armour
 c - a +0 kite shield (worn)
 j - a +0 cloak (worn)
 p - a +1 robe of resistance
 F - the +1 robe of the Hills (worn) {Rampage}
   (You found it on level 5 of the Dungeon)

   Rampage:   It bestows one free step when moving towards enemies.
 G - a +0 hat (worn)
Jewellery
 x - a ring of fire
Wands
 t - a wand of iceblast (9)
 H - a wand of charming (8)
Scrolls
 b - 2 scrolls of teleportation
 f - 4 scrolls of noise
 r - a scroll of magic mapping
 s - a scroll of amnesia
 A - a scroll of summoning {unknown}
 C - 2 scrolls of fog
Potions
 d - 3 potions of might
 g - a potion of mutation
 k - 2 potions of brilliance {unknown}
 m - 2 potions of flight
 n - 2 potions of heal wounds {unknown}
 v - a potion of attraction
 w - 4 potions of curing
 z - 2 potions of haste {unknown}
 E - a potion of invisibility


   Skills:
 * Level 4.7 Fighting
 + Level 3.1(3.9) Short Blades
 + Level 3.4(4.0) Long Blades
 + Level 3.0 Throwing
 * Level 5.6 Dodging
 + Level 0.7 Stealth
 * Level 6.0 Shields


You had 8 spell levels left.
You didn't know any spells.
Your spell library contained the following spells:

 Spells                   Type           Power      Damage    Failure   Level
 Animate Skeleton         Necr           0%         N/A       71%         1
 Foxfire                  Conj/Fire      0%         2x1d4     71%         1
 Pain                     Necr           0%         1d4       71%         1
 Conjure Flame            Conj/Fire      0%         6-21      97%         3
 Dazzling Flash           Conj/Hex       0%         N/A       97%         3
 Ignite Poison            Fire/Tmut/Pois 0%         N/A       97%         3
 Inner Flame              Hex/Fire       0%         N/A       97%         3
 Mephitic Cloud           Conj/Pois/Air  0%         N/A       97%         3
 Ozocubu's Armour         Ice            0%         N/A       97%         3
 Vampiric Draining        Necr           0%         2d6       97%         3
 Iskenderun's Mystic Bla  Conj/Tloc      0%         2d3       100%        4
 Bolt of Magma            Conj/Fire/Erth 0%         4d4       100%        5
 Starburst                Conj/Fire      0%         6d3       100%        6
 Ozocubu's Refrigeration  Ice            0%         4d5       100%        7


Dungeon Overview and Level Annotations

Branches:
Dungeon (8/15)             Temple (1/1) D:7           Sewer (visited)
   Lair: D:8-11

Altars:
Ashenzari
Cheibriados
Dithmenos
Elyvilon
Fedhas
Hepliaklqana
Kikubaaqudgha
Makhleb
Nemelex Xobeh
Okawaru
Qazlal
Ru
Sif Muna
Trog
Uskayaw
Vehumet
Wu Jian
Xom
Yredelemnul
Zin
The Shining One


Innate Abilities, Weirdness & Mutations

You are too large for most types of armour.
You have claws for hands.
Your natural rate of healing is unusually fast.
You are covered in fur. (AC +1)
You have tough skin. (AC +1)


Message History

The two-headed ogre hits you with a +0 giant spiked club!
The two-headed ogre hits you with a +0 giant spiked club.
You hit the two-headed ogre.
Your weapon exudes an aura of protection.
The two-headed ogre is severely wounded.
You block the two-headed ogre's attack. The two-headed ogre closely misses you.
The two-headed ogre looks more healthy.
You hit the two-headed ogre.
The two-headed ogre is almost dead.
The two-headed ogre hits you with a +0 giant spiked club!!
The two-headed ogre hits you with a +0 giant spiked club.
* * * LOW HITPOINT WARNING * * *
Unknown command.
Unknown command.
Unknown command.
Unknown command.
Unknown command.
Unknown command.
Unknown command.
Unknown command.
Unknown command.
Unknown command.
Throw: 41 darts (poison)
Press: ? - help, Q - select action, (/) - cycle Shift-Dir - straight line, f/p - two-headed ogre
Aim: a two-headed ogre, wielding two +0 giant spiked clubs (severely wounded, 73% to hit)
You throw a poisoned dart.
The poisoned dart hits the two-headed ogre.
The two-headed ogre is poisoned.
The two-headed ogre is severely wounded.
The two-headed ogre hits you with a +0 giant spiked club!!
* * * LOW HITPOINT WARNING * * *
The two-headed ogre barely misses you.
The two-headed ogre hits you with a +0 giant spiked club!
* * * LOW HITPOINT WARNING * * *
The two-headed ogre hits you with a +0 giant spiked club!!
* * * LOW HITPOINT WARNING * * *
The two-headed ogre looks more healthy.
You feel better. The two-headed ogre barely misses you.
The two-headed ogre hits you with a +0 giant spiked club!!
You die...

..##................#....#...##..
...###.............##..(.......##
...####............###...#..##...
...................###...##......
..##..#..................#....##.
..#..##...#....####..............
#........###..## #......##.......
###################..............
...#.......#....@O........#......
##.#.#####.#.#####........#......
.#.#.#...#.#.#...#........###....
.#.#...#.#.#...#.#...............
.#.#####.#.#####.#.#......##.....
.#..))...#.......#.###....#######
##################..####.##
.....................#####
...........#...........##


You could see a two-headed ogre.

Vanquished Creatures
  A water moccasin (D:4)
  3 ice beasts
  3 black bears
  3 sky beasts
  2 ogres
  3 centaurs
  A phantom (D:5)
  2 kobold brigands
  3 scorpions
  A bullfrog zombie (D:5)
  A centaur zombie (D:7)
  2 hounds
  A jelly (D:1)
  2 centaur skeletons
  An orc priest (D:7)
  A bullfrog skeleton (D:6)
  Jessica (D:3)
  A scorpion zombie (D:5)
  Terence (D:2)
  A hound skeleton (D:5)
  A howler monkey zombie (D:5)
  10 adders
  A howler monkey skeleton (D:7)
  2 river rats (Sewer)
  An ufetubus (D:5)
  2 worms
  4 dart slugs
  4 orcs
  5 bats
  7 endoplasms
  5 giant cockroaches
  3 goblins (D:2)
  9 hobgoblins
  7 jackals
  10 kobolds
  5 quokkas
  8 ball pythons
  3 frilled lizards
  13 rats
134 creatures vanquished.

Vanquished Creatures (others)
  2 plants (D:4)
2 creatures vanquished.

Grand Total: 136 creatures vanquished

Notes
Turn   | Place    | Note
-------+----------+-------------------------------------------
     0 | D:1      | unlimited1921 the Troll Fighter began the quest for the
                  | Orb.
     0 | D:1      | Reached XP level 1. HP: 22/22 MP: 0/0
    98 | D:1      | Reached XP level 2. HP: 28/29 MP: 1/1
   353 | D:1      | Reached XP level 3. HP: 36/36 MP: 2/2
   702 | D:2      | Found a faded altar of an unknown god.
   757 | D:2      | Reached XP level 4. HP: 38/44 MP: 3/3
   798 | D:2      | Reached skill level 3 in Shields
   824 | D:2      | Noticed Terence
   835 | D:2      | Killed Terence
  1108 | D:1      | Reached XP level 5. HP: 52/52 MP: 4/4
  1422 | D:2      | Reached skill level 1 in Throwing
  1673 | D:3      | Noticed Jessica
  1701 | D:3      | Killed Jessica
  2165 | D:4      | Noticed a water moccasin
  2183 | D:4      | Killed a water moccasin
  2184 | D:4      | Reached XP level 6. HP: 12/61 MP: 5/5
  2950 | D:5      | Entered Level 5 of the Dungeon
  3009 | D:5      | Reached XP level 7. HP: 67/67 MP: 6/6
  3065 | D:5      | Reached skill level 1 in Short Blades
  3395 | D:5      | Reached skill level 4 in Shields
  3664 | D:5      | Identified the +1 robe of the Hills {Rampage}
  3831 | D:5      | Reached XP level 8. HP: 76/78 MP: 7/7
  4164 | D:6      | Reached skill level 5 in Shields
  4485 | D:6      | Found a glowing drain.
  4512 | Sewer    | Entered a sewer
  4675 | Sewer    | Found a white marble altar of Elyvilon.
  5325 | D:7      | Reached skill level 5 in Dodging
  5434 | D:7      | Found a staircase to the Ecumenical Temple.
  5458 | Temple   | Entered the Ecumenical Temple
  6087 | D:7      | Reached XP level 9. HP: 41/85 MP: 8/8
  6381 | D:7      | Reached skill level 6 in Shields
  6696 | D:8      | Noticed a two-headed ogre
  6756 | D:7      | HP: 2/85 [two-headed ogre (20)]
  6761 | D:7      | Mangled by a two-headed ogre

Illustrated notes

Levels and vault maps discovered:
D:1:      giann_wishing_wells, layout_basic
D:2:      layout_basic, dreamdust_ecumenical_altar_statues, minmay_circle_x,
          uniq_terence
D:3:      layout_loops_cross, uniq_jessica
D:4:      cheibrodos_old_hovel, layout_loops_cross
D:5:      layout_basic
D:6:      layout_gridville, portal_sewer_entry_a
D:7:      minmay_octagon_keep, layout_cave_pools,
          minmay_temple_entry_proselytizer, hangedman_decor_peaks_small,
          patterned_corridor
D:8:      layout_cave_pools, erik_lair_island
Temple:   nicolae_temple_the_god_donut

Skill      XL: |  1  2  3  4  5  6  7  8  9 |
---------------+----------------------------+-----
Long Blades    | 2 3 |  3.4
Shields        | 3 4 5 6 |  6.0
Dodging        | 3 4 5 |  5.6
Throwing       | 1 2 3 |  3.0
Fighting       | 3 4 |  4.7
Short Blades   | 2 3 |  3.1
Stealth        | |  0.7

Action                   |  1- 3 |  4- 6 |  7- 9 || total
-------------------------+-------+-------+-------++-------
Melee: Long sword        |   150 |    78 |       ||   228
       Short sword       |       |    72 |    80 ||   152
       Dagger            |       |       |   410 ||   410
Throw: Dart              |       |    28 |    95 ||   123
       Throwing net      |       |     1 |       ||     1
       Boomerang         |       |     3 |    10 ||    13
  Use: Scroll            |     3 |     3 |     3 ||     9
       Potion            |       |       |     5 ||     5
 Stab: Sleeping          |       |     1 |     1 ||     2
Armor: Robe              |    71 |    49 |   201 ||   321
Dodge: Dodged            |    58 |    56 |   177 ||   291
Block: Kite shield       |   108 |    83 |   296 ||   487
       Rpst.: Long sword |    13 |    21 |       ||    34
